Workbook
Name _ftn1: '3.5 WG Trends'!#REF!
Name _ftn2: '3.5 WG Trends'!#REF!
Name _ftn3: '3.5 WG Trends'!#REF!
Name _ftn4: '3.5 WG Trends'!#REF!
Name _ftn5: '3.5 WG Trends'!#REF!
Name _ftn6: '3.5 WG Trends'!#REF!
Name _ftnref3: '3.5 WG Trends'!$B$10

Sheet 3.1 WG CTs
B2: 3.1 Comparison of cash grant payable to the Welsh Consolidated Fund
B4: Spending Total: amounts sought this year | D4: Comparison: Supplementary Estimate 2020-21 | F4: Comparison: Main Estimate 2020-21
B5: Budget Type | C5: Main Estimate 20-21 (£m) | D5: Change (£m) | E5: % change | F5: Change (£m) | G5: % change
B6: Welsh Consolidated Fund: Non-Budget expenditure | C6: ='3.3 (a) Cash Grant'!C36 -> 18249.783 | D6: =C6-20791.153052472 -> -2541.3698 | E6: =D6/C6 -> -0.13925479 | F6: =C6-16430.5890610784 -> 1819.1942 | G6: =F6/C6 -> 0.09968306

Sheet 3.3 (a) Cash Grant
B2: 3.3 (a) Cash grant payable to the Welsh consolidated fund 2021-22
B4: £ million | C4: sub total | E4: Comments:
B5: Welsh block grant (DEL) | C5: ='3.3 (b) Control Totals'!C13 -> 20367.193 | E5: see control totals table
B6: UK government funded AME | C6: ='3.3 (b) Control Totals'!C20 -> 1146.81 | E6: see control totals table
B7: Expenditure funded by Welsh taxes | C7: =-C17-C18-C19 -> 2325.37
B8: Expenditure financed by Capital Borrowing | C8: =-C20 -> 150
B9: Non-Domestic Rates | C9: ='3.3 (b) Control Totals'!C23 -> 1101 | E9: see control totals table
B10: subtotal (TOTAL MANAGED EXPENDITURE) | C10: =SUM(C5:C9) -> 25090.373
B11: NON-VOTED EXPENDITURE:
B12: (1) Less - general:
B13: LA Credit Approvals | C13: -88.8
B14: Other Non-Voted | C14: -6.078
B15: subtotal | C15: =SUM(C13:C14) -> -94.878
B16: (2) less - fiscal framework transactions (Wales Act 2014):
B17: Taxes collected by Welsh government | C17: =-1*SUM('3.3 (b) Control Totals'!C24:C25) -> -263.726 | E17: see control totals table
B18: Repayment of principal of loans | C18: ='3.3 (b) Control Totals'!C28*-1 -> 2.417 | E18: see control totals table
B19: Welsh Rates of Income Tax | C19: ='3.3 (b) Control Totals'!C26*-1 -> -2064.061 | E19: see control totals table
B20: Capital borrowing | C20: ='3.3 (b) Control Totals'!C27*-1 -> -150 | E20: see control totals table
B21: subtotal | C21: =SUM(C17:C20) -> -2475.37
B22: (3) less: non-cash expenditure:
B23: Resource ringfenced non-cash | C23: =-1*SUM('3.3 (b) Control Totals'!C8:C9) -> -1519.9596
B24: Other non-cash to accruals adjustments (UK funded AME-student loans) | C24: -366.605
B25: subtotal | C25: =SUM(C23:C24) -> -1886.5646
B26: VOTED EXPENDITURE:
B27: (1) less - voted receipts:
B28: Non-Domestic Rates income | C28: -1069.958
B29: Contributions from the National Insurance Fund | C29: -1313.819
B30: subtotal | C30: =SUM(C28:C29) -> -2383.777
B31: (2) less - timing adjustments:
B32: Increase / Decrease in Debtors & Creditors | C32: 0
B33: Use of Provisions | C33: 0
B34: Devolved Taxes - time lag in collection of receipts in year 1 | C34: 0
B35: subtotal | C35: =SUM(C32:C34) -> 0
B36: CASH GRANT PAYABLE TO WELSH CONSOLIDATED FUND | C36: =C10+C15+C30+C21+C25+C35 -> 18249.783

Sheet 3.3 (b) Control Totals
B2: 3.3 (b) Control totals for the Welsh Government including breakdown of main programme of AME spending [1]
B4: 1. Welsh Government DEL Control Total
B5: £ millions | C5: 2021-22 | E5: Comments:
B6: Total Resource DEL of which: | C6: =C7+C8+C9 -> 17757.139 | E6: Post block grant adjustments
B7: RDEL excluding depreciation | C7: ='3.4 (a) Resource Changes'!F98 -> 16237.179 | E7: see 3.4 (c) funding changes table
B8: Depreciation and impairments ring fence | C8: ='3.4 (a) Resource Changes'!G98 -> 551.55356 | E8: see 3.4 (c) funding changes table
B9: Student loans ring fence in DEL | C9: ='3.4 (a) Resource Changes'!H98 -> 968.406 | E9: see 3.4 (c) funding changes table
B10: Total Capital DEL of which: | C10: =C11+C12 -> 2610.0543
B11: General CDEL | C11: ='3.4 (b) Capital Changes'!F49 -> 2462.35 | E11: see 3.4 (c) funding changes table
B12: Ring fenced financial transactions | C12: ='3.4 (b) Capital Changes'!G49 -> 147.70435 | E12: see 3.4 (c) funding changes table
B13: Total Welsh block grant allocation | C13: =C10+C6 -> 20367.193 | E13: sum of the above
B15: 2. Welsh Government Annually Managed Expenditure funded by the UK Government
B16: £ millions | C16: 2021-22 | E16: Comments:
B17: Student loans | C17: 820.575 | E17: see 3.4(a) cash grant table
B18: NHS impairments | C18: 56.317 | E18: see 3.4(a) cash grant table
B19: Other | C19: =419.918-150 -> 269.918 | E19: see 3.4(a) cash grant table.
B20: Subtotal | C20: =SUM(C17:C19) -> 1146.81
B21: 3. Self-financed Annually Managed Expenditure
B22: £ millions | C22: 2021-22 | E22: Comments:
B23: Non-Domestic Rates | C23: 1101
B24: Welsh Stamp Duty Land Tax | C24: 230.998 | E24: see 3.4(a) cash grant table
B25: Welsh Landfill Tax | C25: 32.728 | E25: see 3.4(a) cash grant table
B26: Welsh Rates of Income Tax | C26: 2064.061 | E26: see 3.4(a) cash grant table
B27: Welsh Government borrowing | C27: 150 | E27: see 3.4(a) cash grant table
B28: Repayment of principal of loans | C28: -2.417 | E28: see 3.4(a) cash grant table
B29: Subtotal | C29: =SUM(C23:C28) -> 3576.37
B30: TOTAL UKG and Welsh funded AME | C30: =C20+C29 -> 4723.18 | E30: sum of (2) and (3)
B32: [1] Totals may not sum with 3.3(b) due to rounding.

Sheet 3.4 (a) Resource Changes
B2: 3.4 (a) Resource DEL funding changes since Spending Review 2020
F3: Resource DEL excl depreciation | G3: depreciation & impairments | H3: student loans | I3: total Resource DEL
B4: Spending Round 2020 Baseline | F4: 14965.377 | G4: 568.607 | H4: 968.406 | I4: =SUM(F4:H4) -> 16502.39
B6: Barnett consequentials, subsequent to Spending Review 2020 outcome
B7: £ million | E7: Covid-19 | F7: Resource DEL excl depreciation | G7: depreciation & impairments | H7: student loans | I7: total Resource DEL
B8: Spending Review 2020 | F8: 1460.0894 | G8: 0 | H8: 0 | I8: =SUM(F8:H8) -> 1460.0894
B9: subtotal Spending Review 2020 | F9: =SUM(F8) -> 1460.0894 | G9: =SUM(G8) -> 0 | H9: =SUM(H8) -> 0 | I9: =SUM(I8) -> 1460.0894
B10: Budget 2021 | C10: Business rates | D10: Change in Central Share of Business Rate Receipts | F10: 136.37809 | G10: 0 | H10: 0 | I10: =SUM(F10:H10) -> 136.37809
D11: Compensation to Local Government | F11: 222.51162 | G11: 0 | H11: 0 | I11: =SUM(F11:H11) -> 222.51162
C12: Department for Business, Energy & Industrial Strategy | D12: COVID-19 Business Grants | E12: Covid-19 | F12: 247.61155 | G12: 0 | H12: 0 | I12: =SUM(F12:H12) -> 247.61155
D13: Admin for Covid-19 Grants | F13: 0.035289057 | G13: 0 | H13: 0 | I13: =SUM(F13:H13) -> 0.035289057
C14: Ministry of Housing, Communities and Local Government: Communities | D14: Respite Rooms' - Domestic Abuse support | F14: 0.11763019 | G14: 0 | H14: 0 | I14: =SUM(F14:H14) -> 0.11763019
C15: Digital, Culture, Media and Sport | D15: Funding for ALBs impacted by Covid | E15: Covid-19 | F15: 5.2933585 | G15: 0 | H15: 0 | I15: =SUM(F15:H15) -> 5.2933585
D16: Funding to cover costs of delaying Women’s Euros | F16: 0.058815095 | G16: 0 | H16: 0 | I16: =SUM(F16:H16) -> 0.058815095
C17: Department for Education | D17: Catch up: additional funding | E17: Covid-19 | F17: 22.085068 | G17: 0 | H17: 0 | I17: =SUM(F17:H17) -> 22.085068
D18: Extension of Traineeships | F18: 4.8816529 | G18: 0 | H18: 0 | I18: =SUM(F18:H18) -> 4.8816529
D19: Tuition Fee Cap Freeze for 2022/23 | F19: -0.70578114 | G19: 0 | H19: 0 | I19: =SUM(F19:H19) -> -0.70578114
C20: Department of Health and Social Care | D20: Vaccine Deployment | E20: Covid-19 | F20: 97.044907 | G20: 0 | H20: 0 | I20: =SUM(F20:H20) -> 97.044907
B21: subtotal Budget 2021 | F21: =SUM(F10:F20) -> 735.3122 | G21: =SUM(G10:G20) -> 0 | H21: =SUM(H10:H20) -> 0 | I21: =SUM(I10:I20) -> 735.3122
B22: Main Estimates 2021-22 | C22: Cabinet Office | D22: Local Elections - Covid impacts | E22: Covid-19 | F22: 0.88222642 | G22: 0 | H22: 0 | I22: =SUM(F22:H22) -> 0.88222642
D23: By-elections | F23: 0.26466793 | G23: 0 | H23: 0 | I23: =SUM(F23:H23) -> 0.26466793
C24: Department for Education | D24: Additional funding for Traineeships | E24: Covid-19 | F24: 3.393631 | G24: 0 | H24: 0 | I24: =SUM(F24:H24) -> 3.393631
D25: Additional funding for Catch up | E25: Covid-19 | F25: 7.1754416 | G25: 0 | H25: 0 | I25: =SUM(F25:H25) -> 7.1754416
D26: Adjustment from Budget 21: Additional funding for Catch up | E26: Covid-19 | F26: -22.085068 | G26: 0 | H26: 0 | I26: =SUM(F26:H26) -> -22.085068
C27: Department for Environment, Food and Rural Affairs | D27: Zoo Animals Fund Extension | E27: Covid-19 | F27: 0.34348015 | G27: 0 | H27: 0 | I27: =SUM(F27:H27) -> 0.34348015
D28: Green Challenge Recovery Fund | F28: 0.11763019 | G28: 0 | H28: 0 | I28: =SUM(F28:H28) -> 0.11763019
D29: Unlocking housing near protected habitats: the Solent and beyond | F29: 0.047993117 | G29: 0 | H29: 0 | I29: =SUM(F29:H29) -> 0.047993117
D30: Unlocking housing near protected habitats: the Solent and beyond | F30: 0.044464212 | G30: 0 | H30: 0 | I30: =SUM(F30:H30) -> 0.044464212
D31: Green Social Prescribing | F31: 0.057050642 | G31: 0 | H31: 0 | I31: =SUM(F31:H31) -> 0.057050642
D32: Green Social Prescribing | F32: 0.055050929 | G32: 0 | H32: 0 | I32: =SUM(F32:H32) -> 0.055050929
D33: Offshore wind | F33: 0.069107736 | G33: 0 | H33: 0 | I33: =SUM(F33:H33) -> 0.069107736
D34: Trees outside woodlands | F34: 0.020761728 | G34: 0 | H34: 0 | I34: =SUM(F34:H34) -> 0.020761728
C35: Department for Transport | D35: Covid-19 TfL grant | E35: Covid-19 | F35: 29.407547 | G35: 0 | H35: 0 | I35: =SUM(F35:H35) -> 29.407547
D36: Support for passenger rail services (21/22) - additional | E36: Covid-19 | F36: 121.04147 | G36: 0 | H36: 0 | I36: =SUM(F36:H36) -> 121.04147
D37: GPA | F37: 0.077635925 | G37: 0 | H37: 0 | I37: =SUM(F37:H37) -> 0.077635925
C38: Department of Health and Social Care | D38: Covid costs H1 2021-22 | E38: Covid-19 | F38: 389.53137 | G38: 0 | H38: 0 | I38: =SUM(F38:H38) -> 389.53137
D39: Enhanced Discharge covid costs | E39: Covid-19 | F39: 3.4700906 | G39: 0 | H39: 0 | I39: =SUM(F39:H39) -> 3.4700906
D40: Infection Control Fund | E40: Covid-19 | F40: 11.910057 | G40: 0 | H40: 0 | I40: =SUM(F40:H40) -> 11.910057
D41: Shared outcomes fund - out of hospital care fund | E41: Core | F41: 0.77659451 | G41: 0 | H41: 0 | I41: =SUM(F41:H41) -> 0.77659451
D42: Managed Quarantine funding | E42: Covid-19 | F42: 3.2348302 | G42: 0 | H42: 0 | I42: =SUM(F42:H42) -> 3.2348302
D43: Flu vaccine programme expansion procurement | E43: Covid-19 | F43: 3.9288483 | G43: 0 | H43: 0 | I43: =SUM(F43:H43) -> 3.9288483
D44: Flu vaccine programme expansion administering costs | E44: Covid-19 | F44: 6.499068 | G44: 0 | H44: 0 | I44: =SUM(F44:H44) -> 6.499068
D45: Drugs treatment programme | F45: 4.7052076 | G45: 0 | H45: 0 | I45: =SUM(F45:H45) -> 4.7052076
D46: Depreciation change since supply estimates 20/21 | F46: 0 | G46: -17.056378 | H46: 0 | I46: =SUM(F46:H46) -> -17.056378
C47: Digital, Culture, Media and Sport | D47: Sports Winter Support Package | E47: Covid-19 | F47: 0.10586717 | G47: 0 | H47: 0 | I47: =SUM(F47:H47) -> 0.10586717
D48: Adjustment: Funding to cover costs of delaying Women’s Euros | F48: 0.0098221208 | G48: 0 | H48: 0 | I48: =SUM(F48:H48) -> 0.0098221208
D49: Local cultural infrastructure projects | F49: 0.026466793 | G49: 0 | H49: 0 | I49: =SUM(F49:H49) -> 0.026466793
D50: Sports Winter Support Package | E50: Covid-19 | F50: 3.4112755 | G50: 0 | H50: 0 | I50: =SUM(F50:H50) -> 3.4112755
D51: Cultural Sectors Support Package | E51: Covid-19 | F51: 0.099985661 | G51: 0 | H51: 0 | I51: =SUM(F51:H51) -> 0.099985661
D52: Sports Winter Support Package | E52: Covid-19 | F52: 1.6468227 | G52: 0 | H52: 0 | I52: =SUM(F52:H52) -> 1.6468227
D53: Cultural Sectors Support Package | E53: Covid-19 | F53: 0.094104152 | G53: 0 | H53: 0 | I53: =SUM(F53:H53) -> 0.094104152
D54: Shared Outcomes Fund - Online Harms | F54: 0.0026466793 | G54: 0 | H54: 0 | I54: =SUM(F54:H54) -> 0.0026466793
D55: Shared Outcomes Fund - Online Harms | F55: 0.13603931 | G55: 0 | H55: 0 | I55: =SUM(F55:H55) -> 0.13603931
C56: Food Standards Agency | D56: Increase in Depreciation Limit | F56: 0 | G56: 0.0029407547 | H56: 0 | I56: =SUM(F56:H56) -> 0.0029407547
C57: HM Revenue and Customs | D57: Digital Business Rates Programme | F57: 0.0070578114 | G57: 0 | H57: 0 | I57: =SUM(F57:H57) -> 0.0070578114
D58: Digital Business Rates Programme | F58: 0.039994264 | G58: 0 | H58: 0 | I58: =SUM(F58:H58) -> 0.039994264
D59: Shared Outcome Fund - Refugee transitions | F59: 0.21662846 | G59: 0 | H59: 0 | I59: =SUM(F59:H59) -> 0.21662846
D60: Shared Outcome Fund - Refugee transitions | F60: 0.012605722 | G60: 0 | H60: 0 | I60: =SUM(F60:H60) -> 0.012605722
D61: Police | F61: -0.020272444 | G61: 0 | H61: 0 | I61: =SUM(F61:H61) -> -0.020272444
C62: Ministry of Housing, Communities and Local Government: Communities | D62: Adjustment: Domestic Abuse 'Respite Rooms' | F62: -0.0029407547 | G62: 0 | H62: 0 | I62: =SUM(F62:H62) -> -0.0029407547
D63: Changing Futures (Formally Multiple Complex Needs - Shared Outcomes Fund) | F63: 1.0098552 | G63: 0 | H63: 0 | I63: =SUM(F63:H63) -> 1.0098552
D64: Changing Futures (Formally Multiple Complex Needs - Shared Outcomes Fund) | F64: 0.057638793 | G64: 0 | H64: 0 | I64: =SUM(F64:H64) -> 0.057638793
D65: Placed-based Working (Shared Outcomes Fund) | F65: 0.042699759 | G65: 0 | H65: 0 | I65: =SUM(F65:H65) -> 0.042699759
D66: Placed-based Working (Shared Outcomes Fund) | F66: 0.11468943 | G66: 0 | H66: 0 | I66: =SUM(F66:H66) -> 0.11468943
C67: Ministry of Housing, Communities and Local Government: Local Government | D67: 21/22 Tax Income Compensation for 20/21 losses | E67: Covid-19 | F67: 19.879502 | G67: 0 | H67: 0 | I67: =SUM(F67:H67) -> 19.879502
D68: 21/22 Continuation of Sales Fees and Charges Income Compensation Scheme | E68: Covid-19 | F68: 22.054661 | G68: 0 | H68: 0 | I68: =SUM(F68:H68) -> 22.054661
D69: Specified Grants Surrender | F69: -0.058815095 | G69: 0 | H69: 0 | I69: =SUM(F69:H69) -> -0.058815095
B70: subtotal Main Estimates 2021-22 | F70: =SUM(F22:F69) -> 613.85549 | G70: =SUM(G22:G69) -> -17.053437 | H70: =SUM(H22:H69) -> 0 | I70: =SUM(I22:I69) -> 596.80205
B71: total, ALL BARNETT CONSEQUENTIALS SINCE SPENDING REVIEW 2020 | F71: =F21+F70+F9 -> 2809.2571 | G71: =G21+G70+G9 -> -17.053437 | H71: =H21+H70+H9 -> 0 | I71: =I21+I70+I9 -> 2792.2037
B73: Other non-Barnett allocations, subsequent to Spending Review 2020 outcome
B74: Spending Review 2020 | C74: Farm Funding | F74: 242.28 | G74: 0 | H74: 0 | I74: =SUM(F74:H74) -> 242.28
C75: Fisheries Funding | F75: 2.1 | G75: 0 | H75: 0 | I75: =SUM(F75:H75) -> 2.1
C76: Bew Funding | F76: 2.6 | G76: 0 | H76: 0 | I76: =SUM(F76:H76) -> 2.6
B77: Subtotal, SPENDING REVIEW 2020 | F77: =SUM(F74:F76) -> 246.98 | G77: =SUM(G74:G76) -> 0 | H77: =SUM(H74:H76) -> 0 | I77: =SUM(I74:I76) -> 246.98
B78: Main Estimates 2021-22 | C78: Supplementary Estimates 2020-21 Carry forward | F78: 497.557 | G78: 0 | H78: 0 | I78: =SUM(F78:H78) -> 497.557
C79: Business Rates Relief Repayments from FY 20-21 | F79: 8.447251 | G79: 0 | H79: 0 | I79: =SUM(F79:H79) -> 8.447251
C80: SR20 Barnett Correction - Ministry of Justice | F80: 0.119 | G80: 0 | H80: 0 | I80: =SUM(F80:H80) -> 0.119
C81: SR20 Barnett Correction - Home Office | F81: 0.728 | G81: 0 | H81: 0 | I81: =SUM(F81:H81) -> 0.728
C82: Debt Advice Funding | F82: 1.6218 | G82: 0 | H82: 0 | I82: =SUM(F82:H82) -> 1.6218
C83: Electoral Commission | F83: 1.75 | G83: 0 | H83: 0 | I83: =SUM(F83:H83) -> 1.75
B84: Subtotal, MAIN ESTIMATES 2021-22 | F84: =SUM(F78:F83) -> 510.22305 | G84: =SUM(G74:G80) -> 0 | H84: =SUM(H74:H80) -> 0 | I84: =SUM(I78:I83) -> 510.22305
B85: Budget transfers | C85: Home Office | D85: Police Settlement | F85: 29.93 | G85: 0 | H85: 0 | I85: =SUM(F85:H85) -> 29.93
D86: Immigration Health Surcharge | F86: 28.169 | G86: 0 | H86: 0 | I86: =SUM(F86:H86) -> 28.169
C87: Ministry of Justice | D87: Offender Learning - HMP Berwyn | F87: 3.975 | G87: 0 | H87: 0 | I87: =SUM(F87:H87) -> 3.975
C88: HM Treasury | D88: OBR Costs of Providing Tax Forecasts | F88: -0.1 | G88: 0 | H88: 0 | I88: =SUM(F88:H88) -> -0.1
C89: Digital, Culture, Media and Sport | D89: Green Recovery eNGO Capacity Building Scheme | F89: -0.118 | G89: 0 | H89: 0 | I89: =SUM(F89:H89) -> -0.118
D90: Nature Networks Fund | F90: -1.91 | G90: 0 | H90: 0 | I90: =SUM(F90:H90) -> -1.91
C91: Security & Intelligence Agencies | D91: Cyber Resilience | F91: 1.233 | G91: 0 | H91: 0 | I91: =SUM(F91:H91) -> 1.233
B92: Subtotal, BUDGET TRANSFERS AND CLASSIFICATION CHANGES AT MAINS ESTIMATES 2021-22 | F92: =SUM(F85:F91) -> 61.179 | G92: =SUM(G85:G91) -> 0 | H92: =SUM(H85:H91) -> 0 | I92: =SUM(I85:I91) -> 61.179
B93: Main Estimates 2021-22 | C93: Block Grant Adjustment (BGA) | F93: -2355.8374 | G93: 0 | H93: 0 | I93: =SUM(F93:H93) -> -2355.8374
B94: Subtotal, BLOCK GRANT ADJUSTMENTS | F94: =SUM(F93) -> -2355.8374 | G94: =SUM(G93) -> 0 | H94: =SUM(H93) -> 0 | I94: =SUM(F94:H94) -> -2355.8374
B95: Total, NON-BARNETT ALLOCATIONS SINCE SPENDING REVIEW 2020 | F95: =F84+F92+F77 -> 818.38205 | G95: =G84+G92+G77 -> 0 | H95: =H84+H92+H77 -> 0 | I95: =I84+I92+I77 -> 818.38205
B97: Total, ALL CHANGES SINCE SPENDING Review 2020 | F97: =F95+F71+F94 -> 1271.8018 | G97: =G95+G71+G94 -> -17.053437 | H97: =H95+H71+H94 -> 0 | I97: =I95+I71+I94 -> 1254.7483
B98: Total, REVISED RESOURCE DEL | F98: =F97+F4 -> 16237.179 | G98: =G97+G4 -> 551.55356 | H98: =H97+H4 -> 968.406 | I98: =I97+I4 -> 17757.139

Sheet 3.4 (b) Capital Changes
B2: 3.4 (b) Capital DEL funding changes since Spending Review 2020
F3: Capital DEL excl financial transactions | G3: financial transactions DEL | H3: total Capital DEL
B4: Spending Round 2020 Baseline | F4: 2195.8458 | G4: 303.90591 | H4: =SUM(F4:G4) -> 2499.7517
B6: Barnett consequentials, subsequent to Spending Review 2020 outcome
B7: £ million | E7: Covid-19 | F7: Capital DEL excl financial transactions | G7: financial transactions DEL | H7: total Capital DEL
B8: Spending Review 2020 | F8: 59.710045 | G8: -191.30196 | H8: =SUM(F8:G8) -> -131.59191
B9: subtotal Spending Review 2020 | F9: =SUM(F8) -> 59.710045 | G9: =SUM(G8) -> -191.30196 | H9: =SUM(H8) -> -131.59191
B10: Budget 2021 | F10: 0 | G10: 0 | H10: =SUM(F10:G10) -> 0
B11: subtotal Budget 2021 | F11: =SUM(F10) -> 0 | G11: =SUM(G10) -> 0 | H11: =SUM(H10) -> 0
B12: Main Estimates 2021-22 | C12: Department for Business, Energy & Industrial Strategy | D12: Green Homes Grant | F12: 17.645528 | G12: 0 | H12: =SUM(F12:G12) -> 17.645528
D13: One Web | F13: 0 | G13: -0.23408889 | H13: =SUM(F13:G13) -> -0.23408889
C14: Department for Environment, Food and Rural Affairs | D14: Green Challenge Recovery Fund | F14: -0.11399035 | G14: 0 | H14: =SUM(F14:G14) -> -0.11399035
D15: Unlocking housing near protected habitats: the Solent and beyond | F15: 0.019997132 | G15: 0 | H15: =SUM(F15:G15) -> 0.019997132
D16: Offshore wind | F16: 0.074989246 | G16: 0 | H16: =SUM(F16:G16) -> 0.074989246
D17: Trees outside woodlands | F17: 0.044111321 | G17: 0 | H17: =SUM(F17:G17) -> 0.044111321
D18: Solent Loan | F18: 0 | G18: 0.33524604 | H18: =SUM(F18:G18) -> 0.33524604
C19: Department for Work and Pensions | D19: Fraud and Error Prevention Package | F19: 0 | G19: 0 | H19: =SUM(F19:G19) -> 0
D20: Surrender on Pensions Dashboard (MAPS) | F20: 0 | G20: 0 | H20: =SUM(F20:G20) -> 0
C21: Digital, Culture, Media and Sport | D21: Local cultural infrastructure projects | F21: 1.1057238 | G21: 0 | H21: =SUM(F21:G21) -> 1.1057238
D22: Sports Winter Support Package and Cultural Sectors Support Package | E22: Covid-19 | F22: 0 | G22: 9.4692303 | H22: =SUM(F22:G22) -> 9.4692303
C23: HM Revenue and Customs | D23: Digital Business Rates Programme | F23: 0.21173434 | G23: 0 | H23: =SUM(F23:G23) -> 0.21173434
C24: Home Office | D24: Shared Outcome Fund - Project Adder: Drug Strategy | F24: 0 | G24: 0 | H24: =SUM(F24:G24) -> 0
C25: Ministry of Housing, Communities and Local Government: Communities | D25: Adjustment: Domestic Abuse 'Respite Rooms' | F25: 0.0088222642 | G25: 0 | H25: =SUM(F25:G25) -> 0.0088222642
D26: Changing Futures (Formally Multiple Complex Needs - Shared Outcomes Fund) | F26: 0.044111321 | G26: 0 | H26: =SUM(F26:G26) -> 0.044111321
C27: Department for Transport | D27: Government Property Agency (GPA) | F27: 1.4821404 | G27: 0 | H27: =SUM(F27:G27) -> 1.4821404
B28: subtotal Main Estimates 2021-22 | F28: =SUM(F12:F27) -> 20.523168 | G28: =SUM(G12:G27) -> 9.5703874 | H28: =SUM(H12:H27) -> 30.093555
B29: sub-total BARNETT CONSEQUENTIAL CHANGES (included within December 2018 block grant transparency data document) | F29: =F11+F28+F9 -> 80.233213 | G29: =G11+G28+G9 -> -181.73157 | H29: =H11+H28+H9 -> -101.49835
B31: Other non-Barnett allocations, subsequent to Spending Review 2020 outcome
B32: Spending Review 2020 | F32: 0 | G32: 0 | H32: 0
B33: Subtotal, SPENDING REVIEW 2020 | F33: =SUM(F32:F32) -> 0 | G33: =SUM(G32:G32) -> 0 | H33: =SUM(H32:H32) -> 0
B34: Main Estimates 2021-22 | C34: Supplementary Estimates 2020-21 Carry forward | F34: 137.13 | G34: 25.53 | H34: =SUM(F34:G34) -> 162.66
C35: SR20 Barnett Correction - Ministry of Justice | F35: 0.401 | G35: 0 | H35: =SUM(F35:G35) -> 0.401
C36: SR20 Barnett Correction - Home Office | F36: 0.13 | G36: 0 | H36: =SUM(F36:G36) -> 0.13
C37: Salix Reprofile from Supps 20-21 to Mains 21-22 | F37: 16 | G37: 0 | H37: =SUM(F37:G37) -> 16
C38: City Deal - Cardiff | F38: 22 | G38: 0 | H38: =SUM(F38:G38) -> 22
C39: City Deal - North Wales | F39: 8 | G39: 0 | H39: =SUM(F39:G39) -> 8
C40: City Deal - Mid Wales | F40: 3.667 | G40: 0 | H40: =SUM(F40:G40) -> 3.667
C41: City Deal - Swansea Bay | F41: 7.633 | G41: 0 | H41: =SUM(F41:G41) -> 7.633
B42: Subtotal, MAIN ESTIMATES 2021-22 | F42: =SUM(F34:F41) -> 194.961 | G42: =SUM(G34:G41) -> 25.53 | H42: =SUM(H34:H41) -> 220.491
B43: Budget transfers | C43: Digital, Culture, Media and Sport | D43: Nature Networks Fund | F43: -8.3 | G43: 0 | H43: =SUM(F43:G43) -> -8.3
C44: Cabinet Office | D44: WG Contribution to Public Sector Geospatial Agreement | F44: -0.39 | G44: 0 | H44: =SUM(F44:G44) -> -0.39
B45: Subtotal, BUDGET TRANSFERS AND CLASSIFICATION CHANGES AT MAINS ESTIMATES 2021-22 | F45: =SUM(F43:F44) -> -8.69 | G45: =SUM(G43:G44) -> 0 | H45: =SUM(H43:H44) -> -8.69
B46: Total, NON-BARNETT ALLOCATIONS SINCE SPENDING REVIEW 2020 | F46: =F42+F45+F33 -> 186.271 | G46: =G42+G45+G33 -> 25.53 | H46: =H42+H45+H33 -> 211.801
B48: Total, ALL CHANGES SINCE SPENDING Review 2020 | F48: =F46+F29 -> 266.50421 | G48: =G46+G29 -> -156.20157 | H48: =H46+H29 -> 110.30265
B49: Total, REVISED RESOURCE DEL | F49: =F4+F48 -> 2462.35 | G49: =G4+G48 -> 147.70435 | H49: =H4+H48 -> 2610.0543

Sheet 3.5 WG Trends
B2: 3.5 Welsh Government Funding 2017-18 to 2021-22
C4: 2017-18 | D4: 2018-19 | E4: 2019-20 | F4: 2020-21 | G4: 2021-22
B5: £m[1] | C5: Outturn | D5: Outturn | E5: Outturn | F5: Plans [4] [5] | G5: Plans
B6: Welsh Government Resource DEL (pre block grant adjustments) | C6: =C8-C7 -> 14001.757 | D6: =D8-D7 -> 14279.27 | E6: 15300.576 | F6: =F8-F7 -> 21814.314 | G6: =G8-G7 -> 20112.976
B7: Tax Block Grant Adjustment | C7: 0 | D7: -268.374 | E7: -2441.8927 | F7: -2353.369 | G7: ='3.4 (a) Resource Changes'!F94 -> -2355.8374
B8: Welsh Government Resource DEL | C8: 14001.757 | D8: 14010.896 | E8: 12858.683 | F8: 19460.945 | G8: ='3.4 (a) Resource Changes'!I98 -> 17757.139
B9: Welsh Government Capital DEL | C9: 1821.285 | D9: 2036.807 | E9: 2131.16 | F9: 3151.2644 | G9: ='3.4 (b) Capital Changes'!H49 -> 2610.0543
B10: Welsh Government Resource DEL plus Capital DEL [2] | C10: =C8+C9 -> 15823.042 | D10: =D8+D9 -> 16047.703 | E10: 14989.843 | F10: =SUM(F8:F9) -> 22612.209 | G10: =SUM(G8:G9) -> 20367.193
B11: less depreciation & impairments | C11: -708.262 | D11: -703.761 | E11: -768.478 | F11: -1537.0138 | G11: =SUM('3.4 (a) Resource Changes'!G98:H98)*-1 -> -1519.9596
B12: Total Welsh Government DEL[3] | C12: =C10+C11 -> 15114.78 | D12: =D10+D11 -> 15343.942 | E12: 14221.365 | F12: =F10+F11 -> 21075.195 | G12: =G10+G11 -> 18847.233
B14: [1] Totals may not sum due to rounding
B15: [2] Including depreciation and impairments
B16: [3] Total DEL = Resource + capital – (depreciation & impairments)
B17: [4] 2020-21 outurn has yet to be finalised.
B18: [5] As set out in the Written Ministerial Statement of 24 March 2021, 2020-21 funding has been revised down since Supplementary Estimates 2020-21 to reflect the carry forward of funding from 2020-21 in to 2021-22. This funding is included in 2021-22 plans.

Sheet BGT
B1: Table 1.2 Welsh Government block grant funding for the Spending Review 2015 period (£ million)¹
C2: £ million
B3: DEL changes by department and measure
C4: 2020-21
B5: SPENDING REVIEW 2015 OUTCOME
B6: Resource DEL | C6: -
B7: Capital DEL | C7: 1649.1464
B8: Capital DEL Financial Transactions | C8: 84.310299
B9: Total Spending Review Settlement | C9: 1733.4567
B11: BUDGET 2016
B12: Total DEL change Budget 2016 | C12: -
B14: MAIN ESTIMATES 2016-17
B15: Total Resource DEL in-year changes | C15: -
B16: Total Capital DEL in-year changes | C16: 0
B17: Total DEL in-year changes Main Estimates 2016-17 | C17: 0
B19: AUTUMN STATEMENT 2016
B20: Capital DEL change by department and measure
B21: Total Barnett Consequentials | C21: 133.64352
B22: Business, Energy & Industrial Strategy | C22: 6.1803238
B23: Tech Transfer | C23: 1.415
B24: Quality-related Research funding | C24: 4.7653238
B25: Communities & Local Government | C25: 93.107
B26: Accelerated construction | C26: 18.112
B27: Affordable housing | C27: 7.075
B28: Housing Infrastructure Fund | C28: 67.92
B29: Culture, Media & Sport | C29: 0.3962
B30: 2021 Rugby League World Cup | C30: 0.1415
B31: Cycling Road World Championships | C31: 0.2547
B32: Education | C32: 2.83
... B37: Total Capital DEL change Autumn Statement 2016 | C37: 133.64352
B38: Capital DEL Financial Transactions change
B39: Total Barnett Consequentials | C39: 1.193128
B40: Business, Energy & Industrial Strategy
B41: Midlands Engine Investment Fund | C41: 0.966728
B42: Northern Power House: Investment Fund | C42: 0.2264
B43: Total Capital DEL Financial Transactions change Autumn Statement 2016 | C43: 1.193128
B44: Total DEL change Budget 2016 | C44: 134.83665
B46: SPRING BUDGET 2017
B47: Capital DEL change by department and measure
B48: Total Barnett Consequentials | C48: -
B49: Education | C49: 13.4142
B50: Education capital: extend free schools programme | C50: 13.4142
B51: Total Capital DEL change Spring Budget 2017 | C51: 13.4142
B52: Total DEL Spring Budget 2017 | C52: 13.4142
B54: AUTUMN BUDGET 2017
B55: Capital DEL change by department and measure
B56: Total Non-Barnett Additions | C56: 8
B57: City Deal: Swansea | C57: 8
B58: Capital DEL change by department and measure
B59: Total Barnett Consequentials | C59: 122.07529
B60: Communities & Local Government | C60: 56.3
B61: Housing Infrastructure Fund: Extend | C61: 33.78
B62: Land Assembly Fund | C62: 16.89
B63: Small sites: infrastructure and remediation | C63: 5.63
B64: Culture, Media & Sport | C64: 0.08445
B65: Jodrell Bank | C65: 0.08445
B66: Environment, Food & Rural Affairs | C66: 1.0134
B67: Flood defence investment² | C67: 0.4504
B68: Flood defence investment - Regeneration and Growth Fund² | C68: 0.563
B69: Health | C69: 48.3617
B70: NHS: additional capital | C70: 48.3617
... B75: Transforming Cities Fund | C75: 11.823
B76: Capital DEL change by department and measure
B77: Total 5% Barnett uplift | C77: 22.191
B78: Fiscal Framework 5% Barnett uplift | C78: 22.191
B79: Total Capital DEL change Autumn Budget 2017 | C79: 152.26629
B80: Capital DEL Financial Transactions change by department and measure
B81: Total Barnett Consequentials | C81: 204.5379
B82: Communities & Local Government
B83: Estate Regeneration | C83: 4.504
B84: Help to Buy: Equity Loan | C84: 179.2029
B85: Home Building Fund: SMEs | C85: 20.831
B86: Capital DEL Financial Transactions change
B87: Total 5% Barnett uplift | C87: 1.717
B88: Fiscal Framework 5% Barnett uplift | C88: 1.717
B89: Total Capital DEL Financial Transactions change Autumn Budget 2017 | C89: 206.2549
B90: Total DEL change Autumn Budget 2017 before adjustment for tax devolution | C90: 358.52119
B91: Total DEL change Autumn Budget 2017 after adjustment for tax devolution | C91: 358.52119
B95: MAIN ESTIMATES 2018
B96: Capital DEL in-year changes
B97: Budget Transfer from Business, Energy & Industrial Strategy: R&D | C97: 2.058
B98: Total Capital DEL in-year changes | C98: 2.058
B99: Total DEL in-year changes Main Estimates 2017-18 | C99: 2.058
B101: IN-YEAR CHANGES 2017-2018
B102: Resource DEL in-year changes
B103: 2017-18 Estimated Outturn May 2018 (RDEL excl depreciation) | C103: -
B104: 2017-18 Provisional Outturn June 2018 (RDEL excl depreciation) | C104: -
B105: Total Resource DEL in-year changes | C105: 0
B106: Capital DEL in-year change
B107: 2017-18 Estimated Outturn May 2018 | C107: 0
B108: 2017-18 Provisional Outturn June 2018 | C108: 0
B109: Total Capital DEL in-year changes | C109: 0
B110: Total DEL in-year changes 2017-18 | C110: 0
B112: BUDGET 2018
B113: Total Resource DEL change Autumn Budget 2018 | C113: 0
B114: Capital DEL change by department and measure
B115: Barnett Consequentials | C115: 4.4901552
B116: Health and Social Care | C116: 0
B118: Transport | C118: 0.281
B121: Birmingham: future mobility area | C121: 0.281
...
